Map: Eastwatch LE

Players

Trap

  • Race: Protoss Protoss
  • Spawn Location: 1:00

Ryung - Winner!

  • Race: Terran Terran
  • Spawn Location: 7:00

Event: IEM Season 12 - Katowice

VOD

Have the link to the VOD?

Description

Time

  • Played on: March 2, 2018, 1:01 p.m.
  • Length: 9:12

All games in this series

Show
View Real Time Build Order
Export as new Build Order

Trap Protoss 

Build Orders: 1 Gate Expand, Blink Stalkers, Chargelot Immortal 

Get SALT Encoding   

  12  0:00  Probe  
  13  0:12  Probe  
  14  0:17  Pylon  
  14  0:24  Probe (Chrono Boost)  
  15  0:37  Probe (Chrono Boost), Gateway  
  16  0:45  Probe (Chrono Boost)  
  17  0:51  Probe  
  17  0:52  Assimilator  
  18  1:03  Probe  
  19  1:15  Probe  
  20  1:24  Nexus  
  20  1:34  Cybernetics Core  
  20  1:37  Probe  
  21  1:43  Assimilator  
  21  1:49  Probe  
  21  1:54  Pylon  
  23  2:01  Probe  
  23  2:10  Adept (Chrono Boost)  
  23  2:13  Warp Gate, Probe  
  26  2:25  Probe  
  26  2:27  Stalker (Chrono Boost)  
  27  2:36  Probe (Chrono Boost), Twilight Council  
  30  2:43  Probe (Chrono Boost)  
  31  2:47  Probe (Chrono Boost)  
  31  2:50  Stalker  
  33  2:51  Probe (Chrono Boost)  
  33  2:52  Probe (Chrono Boost)  
  36  3:02  Probe  
  36  3:04  Probe  
  38  3:05  Blink (Chrono Boost)  
  38  3:14  Probe  
  38  3:16  Probe  
  40  3:20  Stalker  
  42  3:30  Gateway  
  42  3:32  Gateway  
  42  3:35  Probe x2  
  42  3:40  Pylon  
  44  3:48  Robotics Facility  
  44  3:50  Probe  
  44  3:51  Probe  
  46  4:02  Probe  
  47  4:03  Probe  
  47  4:06  Pylon  
  48  4:20  Pylon, Nexus  
  48  4:28  Stalker x2  
  48  4:29  Stalker  
  54  4:32  Probe  
  54  4:33  Probe  
  54  4:36  Observer  
  57  4:38  Pylon  
  57  4:44  Probe  
  57  4:45  Probe  
  59  4:55  Stalker x3  
  59  4:59  Immortal (Chrono Boost)  
  68  5:10  Pylon  
  68  5:22  Shield Battery  
  68  5:27  Stalker x3  
  74  5:35  Probe x3  
  77  5:41  Immortal (Chrono Boost)  
  81  5:50  Zealot x3  
  81  5:54  Pylon  
  87  6:00  Gateway  
  87  6:01  Gateway  
  87  6:03  Gateway  
  82  6:19  Stalker x3  
  82  6:21  Probe x2 (Chrono Boost)  
  72  6:26  Probe (Chrono Boost)  
  72  6:32  Probe x2 (Chrono Boost)  
  72  6:35  Charge (Chrono Boost)  
  72  6:36  Probe (Chrono Boost)  
  72  6:37  Probe x2 (Chrono Boost)  
  72  6:38  Gateway  
  72  6:39  Gateway  
  75  6:45  Probe  
  76  6:47  Probe, Warp Prism (Chrono Boost)  
  76  6:48  Probe  
  80  6:58  Probe  
  80  7:00  Probe x2  
  83  7:08  Zealot x4  
  89  7:09  Zealot  
  89  7:10  Probe  
  89  7:12  Probe  
  89  7:19  Observer  
  89  7:21  Probe  
  89  7:22  Probe  
  90  7:24  Probe  
  91  7:31  Forge  
  91  7:33  Pylon  
  90  7:39  Zealot x4  
  90  7:41  Zealot  
  100  7:47  Pylon  
  100  7:48  Pylon  
  100  7:49  Immortal (Chrono Boost)  
  100  7:51  Zealot x2  
  100  7:56  Pylon  
  108  7:59  Pylon  
  108  8:07  Assimilator  
  107  8:18  Zealot x5  
  107  8:19  Zealot x3  
  123  8:20  Immortal (Chrono Boost)  
  100  8:39  Stalker x3  
  86  8:41  Zealot x5  
  67  8:52  Probe x3  
  50  9:02  Zealot x3  
  48  9:08  Stalker  
Show
View Real Time Build Order
Export as new Build Order

Ryung Terran - Winner!

Build Orders: Gas First Reaper Expand, Liberator Opening, Reaper Expand, MMM Bio 

Get SALT Encoding   

  12  0:00  SCV  
  13  0:13  SCV  
  14  0:17  Supply Depot  
  14  0:25  SCV  
  15  0:29  Refinery  
  15  0:38  SCV  
  16  0:45  Barracks  
  16  0:50  SCV  
  17  1:03  SCV  
  18  1:15  SCV  
  19  1:32  Orbital Command  
  19  1:33  Reaper  
  20  1:44  Command Center  
  20  1:55  Factory  
  20  1:59  SCV  
  21  2:05  Refinery  
  21  2:08  Barracks Reactor  
  21  2:12  SCV  
  22  2:18  Supply Depot  
  22  2:24  SCV  
  23  2:39  SCV  
  23  2:40  Starport  
  23  2:42  Widow Mine  
  23  2:44  Marine  
  26  2:45  Marine  
  28  2:51  SCV  
  28  2:57  Orbital Command  
  29  3:02  Marine  
  29  3:03  SCV  
  29  3:05  Marine  
  32  3:10  Widow Mine  
  34  3:15  SCV  
  34  3:17  Medivac  
  37  3:20  Marine  
  37  3:23  Marine  
  37  3:25  SCV  
  40  3:28  SCV  
  40  3:32  Supply Depot  
  41  3:36  Factory Tech Lab, Liberator  
  41  3:39  SCV  
  41  3:40  SCV  
  43  3:41  Marine x2  
  48  3:59  Siege Tank  
  48  4:00  Supply Depot  
  48  4:01  SCV x2  
  53  4:03  Marine  
  53  4:06  Supply Depot  
  54  4:21  SCV x2, Marine x2  
  54  4:22  Engineering Bay  
  58  4:31  Siege Tank  
  58  4:33  SCV x2  
  63  4:39  Supply Depot  
  63  4:42  Marine x2  
  65  4:48  SCV x2  
  67  5:00  SCV x2  
  67  5:06  Barracks Tech Lab  
  69  5:12  SCV x2, Barracks  
  71  5:15  Barracks  
  71  5:18  Supply Depot  
  71  5:19  Terran Infantry Weapons Level 1  
  71  5:25  Refinery x2  
  70  5:28  SCV x2  
  70  5:29  Marine  
  70  5:30  Stimpack  
  70  5:31  Starport Reactor, Factory Reactor  
  73  5:39  Barracks x2  
  73  5:40  SCV  
  73  5:41  SCV  
  74  5:50  Marine  
  74  5:53  SCV x2  
  77  5:57  Bunker  
  77  6:03  Combat Shields  
  77  6:05  SCV x2  
  77  6:06  Marine  
  77  6:07  Marine, Marauder  
  77  6:08  Marauder  
  85  6:13  Bunker  
  85  6:17  SCV  
  86  6:18  SCV  
  86  6:20  Medivac  
  86  6:21  Medivac  
  86  6:24  Marine x2  
  79  6:28  Marauder  
  79  6:30  Barracks Reactor, Barracks Tech Lab, Marauder  
  79  6:32  Widow Mine x2  
  84  6:37  Supply Depot  
  84  6:38  Supply Depot  
  84  6:39  Supply Depot  
  82  6:44  Marine x2  
  82  6:47  Liberator  
  84  6:50  Marauder  
  85  6:59  Widow Mine x2, Medivac, Marauder  
  97  7:01  Marauder  
  97  7:04  Supply Depot  
  97  7:07  Supply Depot, Marine  
  97  7:08  Marine x3  
  102  7:11  Marauder  
  99  7:15  Terran Infantry Armor Level 1  
  99  7:21  Widow Mine x2  
  102  7:22  Liberator  
  102  7:23  Marauder  
  102  7:24  Marauder  
  102  7:26  Supply Depot  
  106  7:34  Marine x2  
  106  7:35  Marine x2  
  106  7:36  Marauder  
  112  7:38  Supply Depot  
  112  7:39  Supply Depot  
  115  7:45  Marauder  
  115  7:46  Widow Mine  
  115  7:47  Widow Mine  
  121  7:53  Marine x2, Marauder  
  121  7:54  Marine x2  
  127  8:00  Supply Depot  
  127  8:14  Command Center  
  127  8:16  Marine x4  
  127  8:18  Marauder  
  111  8:35  Marine x2  
  111  8:36  Marauder x2  
  111  8:40  Marauder  
  96  8:42  Marine  

Tags
 
Add a new tag
Caveats
  • Supply blocks, unpowered buildings, or Contaminate may cause inaccurate times.
  • Supply counts are checked every 10 seconds.